 Dungeon Crawl Stone Soup version 0.20.1-1-g8b1a95d (webtiles) character file.

2600 equalderp2856 the Cleaver (level 9, -8/78 HPs)
             Began as a Minotaur Fighter on Oct 21, 2017.
             Mangled by a two-headed ogre
             ... wielding a +0 giant spiked club
              (32 damage)
             ... on level 7 of the Dungeon.
             The game lasted 00:09:04 (5268 turns).

equalderp2856 the Cleaver (Minotaur Fighter)        Turns: 5268, Time: 00:09:04

Health: -8/78      AC: 14    Str: 21    XL:     9   Next: 33%
Magic:  17/17      EV:  6    Int:  6    God:
Gold:   354        SH: 11    Dex: 12    Spells: 8/8 levels left

rFire    . . .     SeeInvis .   O - +0 trident (curse)
rCold    . . .     Gourm    .   c - +0 shield
rNeg     . . .     Faith    .   L - +0 plate armour (curse)
rPois    .         Spirit   .   (helmet restricted)
rElec    .         Reflect  .   (no cloak)
rCorr    .         Harm     .   k - +0 pair of gloves
MR       .....                  (no boots)
Stlth    ..........             N - amulet of rage
Regen    0.3/turn               K - ring of magical power
MPRegen  0.2/turn               j - ring of loudness (curse)

@: no status effects
A: retaliatory headbutt, horns 2
a: Evoke Berserk Rage


You were on level 7 of the Dungeon.
You were near starving.

You visited 1 branch of the dungeon, and saw 8 of its levels.

You collected 354 gold pieces.

Inventory:

Hand Weapons
 a - a +0 war axe
 O - a cursed +0 trident (weapon)
Armour
 b - a +0 scale mail
 c - a +0 shield (worn)
 k - a +0 pair of gloves (worn)
 I - a +0 chain mail
 L - a cursed +0 plate armour (worn)
Jewellery
 g - a +4 ring of strength
 j - a cursed ring of loudness (right hand)
 K - a ring of magical power (left hand)
 N - an amulet of rage (around neck)
Wands
 w - a wand of flame (0/48)
 H - a wand of polymorph (7/24)
 M - a wand of flame (34/48)
Scrolls
 e - 6 scrolls of identify
 i - a scroll of recharging {unknown}
 n - a scroll of noise {unknown}
 o - a scroll of immolation {unknown}
 r - a scroll of teleportation {unknown}
 s - a scroll of remove curse {unknown}
 u - 2 scrolls of magic mapping {unknown}
 y - a scroll of blinking {unknown}
 A - 2 scrolls of fog {unknown}
 B - a scroll of amnesia {unknown}
 E - a scroll of enchant weapon {unknown}
 G - a scroll of acquirement {unknown}
 J - a scroll of fear {unknown}
Potions
 d - 2 potions of might
 m - 4 potions of agility {unknown}
 p - a potion of flight {unknown}
 q - a potion of haste {unknown}
 x - a potion of invisibility {unknown}
 z - 4 potions of curing {unknown}
 C - a potion of heal wounds {unknown}
 D - a potion of ambrosia {unknown}
Books
 t - a book of Changes

   Spells                             Type                      Level
   a - Beastly Appendage              Transmutation                1
   b - Sticks to Snakes               Transmutation                2
   c - Spider Form                    Transmutation/Poison         3
   d - Ice Form                       Ice/Transmutation            4
   e - Blade Hands                    Transmutation                5
 F - a book of Conjurations

   Spells                             Type                      Level
   a - Magic Dart                     Conjuration                  1
   b - Searing Ray                    Conjuration                  2
   c - Dazzling Spray                 Conjuration/Hexes            3
   d - Fulminant Prism                Conjuration/Hexes            4
   e - Force Lance                    Conjuration/Translocation    4
   f - Iskenderun's Mystic Blast      Conjuration                  4
Comestibles
 f - 7 bread rations
 h - a fruit
 l - a royal jelly
 v - 5 meat rations


   Skills:
 + Level 6.9 Fighting
 + Level 10.0 Axes
 - Level 0.2(6.2) Polearms
 + Level 7.2 Armour
 + Level 2.3 Dodging
 + Level 0.1 Stealth
 + Level 8.1 Shields
 + Level 0.1 Evocations


You had 8 spell levels left.
You didn't know any spells.

Dungeon Overview and Level Annotations

Branches:
Dungeon (8/15)             Temple (0/1) D:4
   Lair: D:8-11

Altars:
Ashenzari
Cheibriados
Dithmenos
Fedhas
Gozag
Hepliaklqana
Kikubaaqudgha
Makhleb
Vehumet
Yredelemnul

Shops:
D:2 *   D:6 (

Annotations:
D:6 Eustachio


Innate Abilities, Weirdness & Mutations

You reflexively headbutt those who attack you in melee.
You have a pair of horns on your head.


Message History

There is a stone staircase leading down here.
You climb downwards.
There is a stone staircase leading up here.
The two-headed ogre shouts in stereo!
The two-headed ogre closely misses you. You furiously retaliate!
You headbutt the two-headed ogre.
The two-headed ogre hits you with a giant spiked club!!
You see here 7 poisoned needles.
Unknown command.
The two-headed ogre hits you with a giant spiked club!!
You block the two-headed ogre's attack.
You are near starving!
There is a stone staircase leading up here.
The two-headed ogre hits you with a giant spiked club!!
The two-headed ogre hits you with a giant spiked club.
* * * LOW HITPOINT WARNING * * *
You climb upwards.
There is a stone staircase leading down here.
The two-headed ogre hits you with a giant spiked club!!
You die...

#....###..#
#.......#
#....# ##.#
#.......#
.....#
#.###.....^.#
.....#
#..[[.......#
.#####
#####.).....#
.# #.).....#
.# #.......#
## #....O.>#
#...@...#
#########


You could see a two-headed ogre.

Vanquished Creatures
  A hungry ghost (D:8)
  A water moccasin (D:5)
  4 sky beasts
  2 ogres
  An orc warrior (D:6)
  A necrophage (D:6)
  A phantom (D:7)
  2 big kobolds
  2 scorpions (D:4)
  7 wights (D:7)
  5 howler monkeys
  4 crimson imps
  A centaur zombie (D:7)
  A jelly (D:5)
  2 hounds
  A bullfrog skeleton (D:4)
  3 orc wizards
  2 centaur skeletons
  Jessica (D:2)
  2 iguanas
  6 worker ants
  3 gnolls (D:3)
  8 adders
  A shadow imp (D:7)
  2 oozes
  An adder skeleton (D:8)
  A worm (D:3)
  2 dart slugs
  4 leopard geckos
  16 orcs
  3 giant cockroaches
  3 goblins
  5 hobgoblins
  11 jackals
  14 kobolds
  A ball python skeleton (D:4)
  7 bats
  9 frilled lizards
  A giant cockroach zombie (D:5)
  2 quokka skeletons (D:4)
  6 rats
150 creatures vanquished.

Notes
Turn   | Place    | Note
-------+----------+-------------------------------------------
     0 | D:1      | equalderp2856 the Minotaur Fighter began the quest for the Orb.
     0 | D:1      | Reached XP level 1. HP: 19/19 MP: 0/0
   276 | D:1      | Reached XP level 2. HP: 27/27 MP: 1/1
   689 | D:2      | Reached XP level 3. HP: 29/33 MP: 2/2
   735 | D:2      | Found Gozag's Platinum Reserve.
   737 | D:2      | Found an opulent altar of Gozag.
   829 | D:2      | Noticed Jessica
   836 | D:2      | Killed Jessica
   836 | D:2      | Reached skill level 3 in Axes
   871 | D:2      | Reached XP level 4. HP: 40/40 MP: 3/3
   949 | D:2      | Found a hazy altar of Hepliaklqana.
  1286 | D:3      | Found a burning altar of Makhleb.
  1287 | D:3      | Found a radiant altar of Vehumet.
  1294 | D:3      | Reached XP level 5. HP: 37/46 MP: 4/4
  1469 | D:3      | Reached skill level 1 in Dodging
  1475 | D:3      | Reached skill level 4 in Axes
  1562 | D:3      | Found a blossoming altar of Fedhas.
  1575 | D:3      | Reached skill level 5 in Shields
  1840 | D:3      | Found a shadowy altar of Dithmenos.
  1849 | D:3      | Reached skill level 5 in Armour
  1950 | D:4      | Reached XP level 6. HP: 45/53 MP: 5/5
  1995 | D:4      | Reached skill level 5 in Axes
  2073 | D:4      | Found a staircase to the Ecumenical Temple.
  2134 | D:4      | Found a basalt altar of Yredelemnul.
  2279 | D:4      | Found an ancient bone altar of Kikubaaqudgha.
  2343 | D:4      | Found a snail-covered altar of Cheibriados.
  2398 | D:4      | Reached XP level 7. HP: 58/60 MP: 6/6
  2566 | D:5      | Entered Level 5 of the Dungeon
  2632 | D:5      | Reached skill level 6 in Axes
  2710 | D:5      | Reached skill level 5 in Fighting
  2967 | D:5      | Reached skill level 7 in Axes
  3277 | D:6      | Noticed Eustachio
  3278 | D:6      | Noticed Eustachio
  3278 | D:6      | Eustachio changed into Eustachio the raiju
  3338 | D:5      | Reached XP level 8. HP: 69/69 MP: 7/7
  3592 | D:6      | Found Fiemmea's Antique Weapon Emporium.
  4216 | D:7      | Reached skill level 8 in Axes
  4465 | D:7      | Reached skill level 9 in Axes
  4530 | D:7      | Reached XP level 9. HP: 69/78 MP: 8/8
  4944 | D:8      | Found a shattered altar of Ashenzari.
  5092 | D:8      | Noticed a two-headed ogre
  5160 | D:8      | Reached skill level 10 in Axes
  5268 | D:7      | Mangled by a two-headed ogre

Skill      XL: |  1  2  3  4  5  6  7  8  9 |
---------------+----------------------------+-----
Shields        | 4 5 6 7 8 |  8.1
Armour         | 4 5 6 7 |  7.2
Axes           | 3 4 5 7 9 10 | 10.0
Fighting       | 4 5 6 |  6.9
Dodging        | 1 2 |  2.3
Polearms       | |  0.2
Stealth        | |  0.1
Evocations     | |  0.1

Action                   |  1- 3 |  4- 6 |  7- 9 || total
-------------------------+-------+-------+-------++-------
Melee: War axe           |   114 |   127 |   187 ||   428
       Headbutt          |    17 |    24 |    28 ||    69
       Trident           |       |       |    43 ||    43
Evoke: Wand              |       |       |     1 ||     1
  Use: Scroll            |       |       |     1 ||     1
  Eat: Chunk             |       |     5 |     6 ||    11
       Fruit             |       |       |     4 ||     4
       Royal jelly       |       |       |     1 ||     1
Armor: Scale mail        |    58 |    53 |    24 ||   135
       Plate armour      |       |       |    44 ||    44
       Chain mail        |       |       |    14 ||    14
Dodge: Dodged            |    32 |    43 |    54 ||   129
Block: Shield            |    68 |    68 |   117 ||   253
